Map: Catalyst LE

Players

JasonKnight

  • Race: Protoss Protoss
  • League: Diamond
  • Spawn Location: 5:00

Jordanpktz

  • Race: Protoss Protoss
  • League: Diamond
  • Spawn Location: 11:00

VOD

Have the link to the VOD?

Description

Time

  • Played on: Aug. 6, 2018, 9:55 p.m.
  • Length: 4:14
Show
View Real Time Build Order
Export as new Build Order

JasonKnight Protoss 

Build Orders: Cannon Rush 

Get SALT Encoding   

  12  0:01  Probe  
  13  0:13  Probe  
  14  0:21  Pylon  
  14  0:25  Probe  
  15  0:39  Probe  
  16  0:50  Forge  
  16  0:51  Probe  
  17  1:13  Pylon  
  17  1:24  Pylon  
  17  1:33  Photon Cannon  
  17  1:36  Photon Cannon  
  17  1:46  Photon Cannon  
  17  1:47  Probe  
  17  1:50  Assimilator  
  17  1:54  Assimilator  
  17  1:58  Probe  
  18  2:04  Gateway  
  18  2:06  Probe  
  18  2:14  Probe  
  20  2:25  Probe  
  21  2:35  Pylon  
  21  2:36  Photon Cannon  
  21  2:37  Probe  
  22  2:49  Probe  
  23  2:52  Cybernetics Core  
  23  2:59  Photon Cannon  
  23  3:22  Pylon  
  23  3:37  Stargate  
  23  3:39  Shield Battery  
  23  3:42  Shield Battery  
  23  3:44  Photon Cannon  
  23  3:50  Shield Battery  
  23  4:14  Shield Battery  
Show
View Real Time Build Order
Export as new Build Order

Jordanpktz Protoss 

Build Orders:  

Get SALT Encoding   

  12  0:01  Probe  
  13  0:13  Probe  
  14  0:20  Pylon  
  14  0:25  Probe  
  15  0:35  Probe  
  15  0:41  Gateway  
  16  0:43  Probe  
  17  0:52  Probe  
  18  1:01  Gateway  
  18  1:05  Pylon  
  18  1:13  Assimilator  
  18  1:20  Zealot  
  20  1:44  Probe  
  21  1:47  Cybernetics Core  
  23  2:03  Gateway  
  23  2:06  Pylon  
  21  2:14  Stalker  
  21  2:15  Assimilator  
  21  2:17  Warp Gate  
  23  2:43  Gateway  
  23  2:44  Probe  
  24  2:52  Stalker  
  24  2:56  Probe  
  27  3:08  Probe  
  28  3:18  Pylon  
  28  3:26  Pylon  
  28  3:28  Probe  
  29  3:43  Adept  
  31  3:51  Shield Battery  
  31  3:58  Gateway  
  31  4:07  Shield Battery  
Tags
 
Matchup
PvP
Spawn Locations
Cross Positions
Add a new tag
Caveats
  • Supply blocks, unpowered buildings, or Contaminate may cause inaccurate times.
  • Supply counts are checked every 10 seconds.